 Dungeon Sprint DCSS version 0.21-a0-264-g3e31e41 (webtiles) character file.

5977 Kidiri the Eclecticist (level 10, -10/60 HPs)
             Began as a Deep Elf Fire Elementalist on Sept 9, 2017.
             Was the Champion of Vehumet.
             Killed from afar by a lindwurm (27 damage)
             ... with a blast of flame
             ... in the Dungeon (Sprint III: "The Ten Rune Challenge").
             The game lasted 00:16:17 (3054 turns).

Kidiri the Eclecticist (Deep Elf Fire Elementalist) Turns: 3054, Time: 00:16:18

Health: -10/60     AC:  2    Str:  5    XL:     10   Next: 55%
Magic:  13/31      EV: 18    Int: 24    God:    Vehumet [******]
Gold:   34         SH:  0    Dex: 15    Spells: 13/40 levels left

rFire    . . .     SeeInvis .   j - +1 dagger (holy)
rCold    . . .     Gourm    .   (no shield)
rNeg     . . .     Faith    .   a - +0 robe
rPois    .         Spirit   .   (no helmet)
rElec    .         Reflect  .   (no cloak)
rCorr    .         Harm     .   (no gloves)
MR       +....     NoTele   +   (no boots)
Stlth    ++........             (no amulet)
HPRegen  0.20/turn              (no ring)
MPRegen  0.22/turn              (no ring)

@: no status effects
A: sense surroundings 1, wild magic 1
a: Renounce Religion


You were in the Dungeon.
You worshipped Vehumet.
Vehumet was exalted by your worship.
You were not hungry.

You visited 1 branch You collected 34 gold pieces.

Inventory:

Hand Weapons
 j - a +1 dagger of holy wrath (weapon)
Missiles
 u - a throwing net (quivered)
Armour
 a - a +0 robe (worn)
 n - a +0 robe
Scrolls
 i - a scroll of blinking
 k - a scroll of enchant weapon
 m - a scroll of immolation
 o - 2 scrolls of remove curse
 r - a scroll of holy word {unknown}
Potions
 f - a potion of haste
 g - 2 potions of magic
 h - a potion of berserk rage
 l - 5 potions of mutation
 q - 4 potions of flight
 t - a potion of lignification {unknown}
Comestibles
 b - a chunk of flesh
 c - a bread ration
 p - 24 royal jellies
 s - a meat ration


   Skills:
 + Level 6.0 Fighting
 + Level 7.4 Short Blades
 + Level 6.0 Armour
 + Level 9.3 Dodging
 - Level 2.4 Stealth
 * Level 15.6 Spellcasting
 + Level 9.9 Conjurations
 + Level 10.3 Fire Magic
 + Level 5.4 Ice Magic
 + Level 7.1 Air Magic
 + Level 7.8 Poison Magic


You had 13 spell levels left.
You knew the following spells:

 Your Spells              Type           Power        Failure   Level  Hunger
a - Flame Tongue          Conj/Fire      #####        1%          1    None
b - Throw Flame           Conj/Fire      ######       1%          2    None
c - Conjure Flame         Conj/Fire      ######..     1%          3    None
d - Inner Flame           Hex/Fire       ######..     1%          3    None
e - Sticky Flame          Conj/Fire      ######..     1%          4    None
f - Fireball              Conj/Fire      ######....   1%          5    ##.....
g - Throw Frost           Conj/Ice       ######       1%          2    None
h - Airstrike             Air            ######....   1%          4    None
i - Mephitic Cloud        Conj/Pois/Air  ######..     1%          3    None


Dungeon Overview and Level Annotations

Branches:
Dungeon (1/1)

Altars:
Cheibriados
Dithmenos
Elyvilon
Fedhas
Gozag
Hepliaklqana
Kikubaaqudgha
Makhleb
Nemelex Xobeh
Okawaru
Qazlal
Ru
Sif Muna
Trog
Uskayaw
Vehumet
Wu Jian
Xom
Yredelemnul
Zin
The Shining One
Beogh
Jiyva
Lugonu

Annotations:
D exclusion: door


Innate Abilities, Weirdness & Mutations

You passively map a small area around you.
Your spells are a little harder to cast, but a little more powerful.


Message History

Casting: Airstrike
Confirm with . or Enter, or press ? or * to list all spells.
Aiming: Sticky Flame
Press: ? - help, Shift-Dir - straight line, f/p - lindwurm
Aim: a lindwurm (heavily wounded)
The sticky flame hits the lindwurm.
The lindwurm is severely wounded.
The lindwurm is covered in liquid flames!
The lindwurm burns!
The lindwurm bites you. The lindwurm claws you.
* * * LOW HITPOINT WARNING * * *
The lindwurm claws you!
* * * LOW HITPOINT WARNING * * *
You feel much better.
The lindwurm burns!
The lindwurm completely misses you. The lindwurm misses you.
The lindwurm claws you!
* * * LOW HITPOINT WARNING * * *
Unknown command.
The lindwurm burns!
The lindwurm stops burning.
The lindwurm breathes flames at you. The blast of flame hits you!
You die...

,
,,,#.≈♣♣♣♣♣♣♣♣♣♣♣♣♣♣♣♣
*#.%♣♣ ♣ ≈ ≈ *
###'♣*♣♣ * ** *
♣♣♣♣.##. * ≈,, , *
♣...##. , * * ♣♣.##s#
+ ≈≈ ♣..#.## , ≈ *
♣♣.##.# , ,, * ♣♣@##.#
* *, , , , ♣...k.#* *
####### ** * , , * * *
, * , , ,


You could see a lindwurm.

Vanquished Creatures
  Erolcha (D)
  A deep elf mage (D)
  2 spiny frogs (D)
  A komodo dragon (D)
  3 wandering mushrooms (D)
  2 tyrant leeches (D)
  3 redbacks (D)
  A shadow (D)
  A spatial vortex (D)
  A necrophage (D)
  5 two-headed ogres (D)
  A water elemental (D)
  24 killer bees (D)
  A jelly (D)
  A wizard (D)
  A necromancer (D)
  A kobold demonologist (D)
  3 humans (D)
  A wolf (D)
  An ooze (D)
  3 rats (D)
58 creatures vanquished.

Vanquished Creatures (collateral kills)
  A queen bee (D)
  6 killer bees (D)
7 creatures vanquished.

Vanquished Creatures (others)
  2 draconian scorchers (D)
  6 hellions (D)
  2 yaktaurs (D)
  2 killer bees (D)
  2 plants (D)
14 creatures vanquished.

Grand Total: 79 creatures vanquished

Notes
Turn   | Place    | Note
-------+----------+-------------------------------------------
     0 | D        | Kidiri the Deep Elf Fire Elementalist began the quest for the Orb.
     0 | D        | Reached XP level 1. HP: 10/10 MP: 6/6
     9 | D        | Reached skill level 4 in Spellcasting
    99 | D        | Killed a yaktaur
   102 | D        | Killed a hellion
   102 | D        | Killed a hellion
   126 | D        | Killed a hellion
   126 | D        | Killed a hellion
   132 | D        | Reached skill level 6 in Spellcasting
   132 | D        | Reached XP level 2. HP: 7/15 MP: 0/11
   135 | D        | Killed a white draconian scorcher
   136 | D        | Learned a level 2 spell: Throw Flame
   139 | D        | Killed a hellion
   149 | D        | Killed a hellion
   165 | D        | Killed a white draconian scorcher
   299 | D        | Reached XP level 3. HP: 19/19 MP: 11/13
   304 | D        | Learned a level 3 spell: Conjure Flame
   308 | D        | Learned a level 3 spell: Inner Flame
   325 | D        | Gained mutation: Your spells are a little harder to cast, but a little more powerful. [potion of mutation]
   325 | D        | Gained mutation: You passively map a small area around you. [potion of mutation]
   340 | D        | Noticed a water elemental
   343 | D        | Killed a water elemental
   343 | D        | Reached skill level 8 in Spellcasting
   343 | D        | Reached skill level 5 in Fire Magic
   343 | D        | Reached XP level 4. HP: 24/24 MP: 7/16
   349 | D        | Learned a level 4 spell: Sticky Flame
   400 | D        | Found a radiant altar of Vehumet.
   401 | D        | Found a deep blue altar of Sif Muna.
   401 | D        | Found an ancient bone altar of Kikubaaqudgha.
   401 | D        | Noticed a wizard
   405 | D        | Killed a wizard
   405 | D        | Reached skill level 9 in Spellcasting
   405 | D        | Reached skill level 5 in Conjurations
   405 | D        | Reached XP level 5. HP: 17/28 MP: 7/19
   423 | D        | Learned a level 5 spell: Fireball
   427 | D        | Learned a level 3 spell: Mephitic Cloud
   429 | D        | Became a worshipper of Vehumet
   526 | D        | Found a glowing silver altar of Zin.
   527 | D        | Found a glowing golden altar of the Shining One.
   527 | D        | Found a white marble altar of Elyvilon.
   527 | D        | Noticed a deep elf mage
   539 | D        | Noticed a fire elemental
   549 | D        | Killed a deep elf mage
   549 | D        | Reached skill level 5 in Dodging
   549 | D        | Reached skill level 11 in Spellcasting
   549 | D        | Reached XP level 6. HP: 6/36 MP: 7/22
   549 | D        | Reached XP level 7. HP: 7/40 MP: 7/24
   570 | D        | Killed a yaktaur
   802 | D        | Found an ornate altar of the Wu Jian Council.
   802 | D        | Found a roughly hewn altar of Beogh.
   802 | D        | Found an iron altar of Okawaru.
   802 | D        | Found a bloodstained altar of Trog.
   802 | D        | Found a hide-covered altar of Uskayaw.
   802 | D        | Noticed a human
   802 | D        | Noticed a human
   817 | D        | Killed a human
   817 | D        | Reached skill level 12 in Spellcasting
   817 | D        | Killed a human
   817 | D        | Reached * piety under Vehumet
   817 | D        | Offered knowledge of Sting by Vehumet.
   876 | D        | Found a basalt altar of Yredelemnul.
   876 | D        | Found a shadowy altar of Dithmenos.
   876 | D        | Found a sacrificial altar of Ru.
   984 | D        | Noticed a shadow
   986 | D        | Offered knowledge of Searing Ray by Vehumet.
   986 | D        | Reached ** piety under Vehumet
   987 | D        | Killed a shadow
   987 | D        | Reached XP level 8. HP: 44/44 MP: 16/26
  1040 | D        | Found a blossoming altar of Fedhas.
  1040 | D        | Found a stormy altar of Qazlal.
  1040 | D        | Found a snail-covered altar of Cheibriados.
  1040 | D        | Found a burning altar of Makhleb.
  1040 | D        | Found a shimmering altar of Xom.
  1300 | D        | Found a hazy altar of Hepliaklqana.
  1300 | D        | Found an opulent altar of Gozag.
  1300 | D        | Found a sparkling altar of Nemelex Xobeh.
  1300 | D        | Found a corrupted altar of Lugonu.
  1300 | D        | Found a viscous altar of Jiyva.
  1322 | D        | Reached skill level 5 in Poison Magic
  1428 | D        | Offered knowledge of Throw Frost by Vehumet.
  1428 | D        | Reached *** piety under Vehumet
  1433 | D        | Learned a level 2 spell: Throw Frost
  1440 | D        | Reached skill level 13 in Spellcasting
  1630 | D        | Noticed a two-headed ogre
  1644 | D        | Killed a two-headed ogre
  1644 | D        | Offered knowledge of Fulminant Prism by Vehumet.
  1644 | D        | Reached skill level 5 in Short Blades
  1644 | D        | Reached skill level 1 in Ice Magic
  1644 | D        | Reached skill level 5 in Air Magic
  1690 | D        | Noticed a two-headed ogre
  1692 | D        | Noticed Erolcha
  1700 | D        | Killed Erolcha
  1700 | D        | Killed a two-headed ogre
  1700 | D        | Reached **** piety under Vehumet
  1700 | D        | Reached skill level 14 in Spellcasting
  1700 | D        | Reached XP level 9. HP: 50/50 MP: 9/29
  1938 | D        | Noticed a queen bee
  1941 | D        | Offered knowledge of Yara's Violent Unravelling by Vehumet.
  1942 | D        | Reached skill level 5 in Armour
  1943 | D        | Reached ***** piety under Vehumet
  1943 | D        | Reached skill level 5 in Fighting
  1964 | D        | Reached ****** piety under Vehumet
  1985 | D        | Killed a queen bee
  2167 | D        | Offered knowledge of Airstrike by Vehumet.
  2173 | D        | Learned a level 4 spell: Airstrike
  2249 | D        | Reached XP level 10. HP: 25/59 MP: 19/30
  2578 | D        | Reached skill level 15 in Spellcasting
  2578 | D        | Reached skill level 10 in Fire Magic
  2636 | D        | Noticed a spiny frog
  2636 | D        | Noticed a spiny frog
  2645 | D        | Killed a spiny frog
  2645 | D        | Killed a spiny frog
  2645 | D        | Reached skill level 5 in Ice Magic
  2648 | D        | Offered knowledge of Force Lance by Vehumet.
  3040 | D        | Noticed a lindwurm
  3054 | D        | Killed from afar by a lindwurm

Vault maps used:
D:        dungeon_sprint_mu

Skill      XL: |  1  2  3  4  5  6  7  8  9 10 |
---------------+-------------------------------+-----
Spellcasting   | 6 8 9 11 12 14 15 | 15.6
Conjurations   | 3 4 5 6 7 8 9 |  9.9
Fire Magic     | 4 5 6 7 8 9 10 | 10.3
Fighting       | 2 3 4 5 6 |  6.0
Short Blades   | 3 4 5 6 7 |  7.4
Armour         | 2 3 4 5 6 |  6.0
Dodging        | 5 6 7 8 9 |  9.3
Air Magic      | 3 4 5 6 7 |  7.1
Poison Magic   | 3 4 6 7 |  7.8
Ice Magic      | 3 4 5 |  5.4
Stealth        | |  2.4

Action                   |  1- 3 |  4- 6 |  7- 9 | 10-12 || total
-------------------------+-------+-------+-------+-------++-------
Melee: Dagger            |       |       |    29 |     1 ||    30
 Cast: Flame Tongue      |    21 |     1 |    44 |    25 ||    91
       Conjure Flame     |     1 |       |     9 |     3 ||    13
       Sticky Flame      |       |     3 |    14 |     6 ||    23
       Mephitic Cloud    |       |     2 |    10 |       ||    12
       Inner Flame       |       |       |     7 |     1 ||     8
       Fireball          |       |       |     1 |       ||     1
       Throw Flame       |       |       |     1 |       ||     1
       Airstrike         |       |       |       |     9 ||     9
  Use: Scroll            |     2 |       |       |     1 ||     3
       Potion            |     1 |       |     1 |     1 ||     3
 Stab: Confused          |       |       |     5 |       ||     5
  Eat: Chunk             |       |       |     3 |       ||     3
       Royal jelly       |       |       |     1 |     2 ||     3
Armor: Robe              |       |       |     2 |     2 ||     4
Dodge: Dodged            |     6 |     3 |    38 |    19 ||    66

Table legend:
 A = Spawn XP
 B = Non-spawn XP
 C = Spawn XP percentage of total XP
 D = Spawn monster count
 E = Non-spawn monster count
 F = Spawn count percentage of total count
 G = Total turns spent on level
                    A         B        C        D         E        F      G
               +---------+---------+-------+---------+---------+-------+---------
         Total |       0 |    8539 |   0.0 |       0 |      67 |   0.0 |  3054
               +---------+---------+-------+---------+---------+-------+---------
             D |       0 |    8539 |   0.0 |       0 |      67 |   0.0 |  3054
               +---------+---------+-------+---------+---------+-------+---------
